 Dungeon Crawl Stone Soup version 0.28-b1-25-g9875b3fc8c (webtiles) character file.

Game seed: 4828362713799399996

7 pkoi the Conjurer (level 1, -1/14 HPs)
             Began as a Draconian Conjurer on Feb 2, 2022.
             Slain by a quokka (3 damage)
             ... on level 1 of the Dungeon.
             The game lasted 00:00:22 (632 turns).

pkoi the Conjurer (Draconian Conjurer)               Turns: 632, Time: 00:00:22

Health: -1/14      AC:  4    Str:  9    XL:     1   Next: 91%
Magic:  3/3        EV: 12    Int: 18    God:
Gold:   32         SH:  0    Dex:  9    Spells: 3/4 levels left

rFire   . . .      SeeInvis .   (no weapon)
rCold   . . .      Faith    .   (no shield)
rNeg    . . .      Spirit   .   (armour unavailable)
rPois   .          Reflect  .   (helmet restricted)
rElec   .          Harm     .   (no cloak)
rCorr   .          Rampage  .   (no gloves)
Will    .....                   (no boots)
Stlth   ++........              (no amulet)
HPRegen 0.04/turn               (no ring)
MPRegen 0.08/turn               (no ring)

@: no status effects
A: AC +4, unfitting armour, cold-blooded
a: no special abilities


You were on level 1 of the Dungeon.
You visited 1 branch of the dungeon, and saw 1 of its levels.

You collected 32 gold pieces.

Inventory:

Potions
 a - a potion of lignification {unknown}
 b - a potion of heal wounds {unknown}
 c - a potion of mutation {unknown}
 d - a potion of might {unknown}


   Skills:
 - Level 1.7 Dodging
 - Level 1.7 Stealth
 - Level 2.0 Spellcasting
 * Level 4.4 Conjurations


You had 3 spell levels left.
You knew the following spells:

 Your Spells              Type           Power      Damage    Failure   Level
a - Magic Dart            Conj           68%        1d6       3%          1

Your spell library contained the following spells:

 Spells                   Type           Power      Damage    Failure   Level
 Searing Ray              Conj           34%        2d5       4%          2
 Dazzling Flash           Conj/Hex       18%        N/A       22%         3
 Fulminant Prism          Conj/Hex       4%         3d6       58%         4
 Iskenderun's Mystic Bla  Conj/Tloc      9%         2d4       58%         4


Dungeon Overview and Level Annotations

Branches:
Dungeon (1/15)

Altars:


Innate Abilities, Weirdness & Mutations

Your plain brown scales are hard. (AC +4)
You cannot fit into any form of body armour.
You are cold-blooded and may be slowed by cold attacks.


Message History

You hit the quokka but do no damage.
The quokka twitches its whiskers.
The quokka bites you but does no damage.
The quokka barely misses you.
You closely miss the quokka.
Your tail-slap misses the quokka.
Your punch misses the quokka. The quokka closely misses you.
You hit the quokka but do no damage.
Your tail-slap misses the quokka.
The quokka bites you.
You miss the quokka. The quokka barely misses you.
You hit the quokka.
Your tail-slap misses the quokka.
The quokka is moderately wounded.
The quokka closely misses you.
You hit the quokka but do no damage. The quokka closely misses you.
The quokka barely misses you.
You miss the quokka.
Your tail-slap misses the quokka.
The quokka barely misses you.
You hit the quokka but do no damage. The quokka barely misses you.
You barely miss the quokka. The quokka closely misses you.
You hit the quokka but do no damage. The quokka bites you.
You closely miss the quokka. The quokka bites you.
The quokka closely misses you.
You barely miss the quokka. The quokka bites you.
You hit the quokka but do no damage. The quokka barely misses you.
You hit the quokka but do no damage. The quokka barely misses you.
You hit the quokka but do no damage.
The quokka bites you but does no damage.
You barely miss the quokka. The quokka bites you. x2
* * * LOW HITPOINT WARNING * * *
You closely miss the quokka.
You tail-slap the quokka, but do no damage.
The quokka bites you but does no damage.
You hit the quokka but do no damage. The quokka barely misses you.
You barely miss the quokka. The quokka misses you.
You hit the quokka.
The quokka is moderately wounded.
The quokka barely misses you.
You hit the quokka but do no damage.
The quokka is moderately wounded.
The quokka closely misses you. The quokka bites you.
You die...

#.#8^^#8#
#.
#.#^#.#^#
..
#.#.....#
##
#.....#.#
#
#.....####
#
#....._..#
##....####
#....#r#
##...@.# #
#^#.#.# #
#8^.#8# #
####### #
# # # # #


You could see a quokka.

Vanquished Creatures
  2 endoplasms (D:1)
  A giant cockroach (D:1)
  A quokka (D:1)
  A ball python (D:1)
  A frilled lizard (D:1)
  A rat (D:1)
7 creatures vanquished.

Notes
Turn   | Place    | Note
-------+----------+-------------------------------------------
     0 | D:1      | pkoi the Draconian Conjurer began the quest for the Orb.
     0 | D:1      | Reached XP level 1. HP: 14/14 MP: 3/3
   597 | D:1      | Found a faded altar of an unknown god.
   632 | D:1      | Slain by a quokka

Illustrated notes

Levels and vault maps discovered:
D:1:      eino_arrival_cavern_a, layout_loops_cross,
          shapermc_ecumenical_altar_mp_highgroup, amethyst_killhole,
          amcnicky_mini_pool_small

Action                   || total
-------------------------++-------
Melee: Unarmed           ||    32
       Tailslap          ||     2
 Cast: Magic Dart        ||    14
 Stab: Sleeping          ||     1
Armor: Skin              ||     7
Dodge: Dodged            ||    21
